 Dungeon Crawl Stone Soup version 0.31.0-11-ge490571c62 (webtiles) character file.

Game seed: 9168683285050357325

125897 Zeor the Draconian Blade (level 16, -6/217 HPs)
             Began as a Grey Draconian Berserker on Jan 30, 2024.
             Was a High Priest of Trog.
             Mangled by a shock serpent (10 damage)
             ... on level 2 of the Snake Pit.
             The game lasted 01:30:48 (24356 turns).

Zeor the Draconian Blade (DrBe)                    Turns: 24356, Time: 01:30:48

Health: -6/217     AC: 29    Str: 21    XL:     16   Next: 42%
Magic:  16/16      EV: 28    Int: 15    God:    Trog [*****.]
Gold:   2370       SH:  0    Dex: 24    Spells: 15/15 levels left

rFire   + + .        a - +4 great sword (heavy)
rCold   x . .        (shield currently unavailable)
rNeg    . . .        (body armour unavailable)
rPois   +            z - +3 hat of Leapfrog {rPois rF+ rCorr Int+3}
rElec   .            W - +2 cloak
rCorr   +            A - +2 pair of gloves of Liberalism {rCorr Int+4}
SInv    +            v - +2 pair of slick slippers {slick, slippery, EV+4}
Will    +....        V - amulet of the acrobat Stlth
                     m - ring "Jusmymam" {Fire Dex+7 SInv}
HPRegen 0.56/turn    R - +4 ring of protection
MPRegen 0.15/turn

%: acrobat
@: berserking (expiring), lethally poisoned (-6 -> -7), slowed, studying
Polearms
A: AC +14, amphibious, unfitting armour, cold-blooded
a: Renounce Religion, Berserk, Trog's Hand, Brothers in Arms


You were on level 2 of the Snake Pit.
You worshipped Trog.
Trog was extremely pleased with you.
You visited 4 branches of the dungeon, and saw 24 of its levels.
You also visited: Bailey.

You collected 3309 gold pieces.
You spent 939 gold pieces at shops.

Inventory:

Hand Weapons
 a - a +4 heavy great sword (weapon)
 L - a +1 antimagic triple sword
 N - the +4 scimitar of Freehold {heavy, +Blink rPois Will- Stlth-}
   (Trog gifted it to you on level 3 of the Lair of Beasts)

   rPois:     It protects you from poison Will-: It decreases your willpower.
   +Blink:    It lets you blink.
   Stlth-:    It makes you less stealthy.
 P - the +4 great sword of Wankom {protect, rPois Str-4 Int+3}
   (You acquired it on level 6 of the Dungeon)

   Str-4:     It affects your strength (-4).
   Int+3:     It affects your intelligence (+3).
   rPois:     It protects you from poison
 U - a +2 great sword of flaming
Missiles
 u - 33 boomerangs (quivered)
 D - 2 throwing nets
 X - 11 curare-tipped darts
Armour
 l - a +2 pair of boots
 v - the +2 pair of slick slippers (worn) {slick, slippery, EV+4}
   (You bought it in a shop on level 2 of the Orcish Mines)

   Slick:     Its wearer cannot be constricted, engulfed, netted or webbed.
   Slippery:  Its wearer slips away from damaging melee attacks, pulling the
   attacker onward.
   EV+4:      It affects your evasion (+4).
 z - the +3 hat of Leapfrog (worn) {rPois rF+ rCorr Int+3}
   (You acquired it on level 6 of the Dungeon)

   Int+3:     It affects your intelligence (+3).
   rF+:       It protects you from fire.
   rPois:     It protects you from poison rCorr: It protects you from acid and
   corrosion.
 A - the +2 pair of gloves of Liberalism (worn) {rCorr Int+4}
   (You acquired it on level 6 of the Dungeon)

   Int+4:     It affects your intelligence (+4).
   rCorr:     It protects you from acid and corrosion.
 H - the +0 pair of gloves "Mafrirut" {rElec Will+}
   (You found it on level 5 of the Lair of Beasts)

   rElec:     It insulates you from electricity.
   Will+:     It increases your willpower.
 W - a +2 cloak (worn)
Jewellery
 f - an amulet of guardian spirit
 m - the ring "Jusmymam" (left hand) {Fire Dex+7 SInv}
   (You found it on level 3 of the Dungeon)

   [ring of fire]

   Fire:      It enhances your fire magic.
   Dex+7:     It affects your dexterity (+7).
   rF+:       It protects you from fire.
   rC-:       It makes you vulnerable to cold.
   SInv:      It lets you see invisible.
 I - an amulet of reflection
 M - a ring of willpower
 O - a ring of fire
 R - a +4 ring of protection (right hand)
 V - an amulet of the acrobat (around neck)
Talismans
 j - a dragon-blood talisman
Wands
 d - a wand of iceblast (25)
 w - a wand of flame (23)
 B - a wand of paralysis (2)
 F - a wand of light (15)
 Q - a wand of mindburst (14)
Scrolls
 b - 4 scrolls of blinking
 e - a scroll of revelation
 o - 2 scrolls of enchant armour
 x - 3 scrolls of summoning
 y - 6 scrolls of enchant weapon
 C - 9 scrolls of teleportation
 J - 2 scrolls of fog
 K - 16 scrolls of identify
 S - 3 scrolls of poison
 Z - a scroll of immolation
Potions
 c - 9 potions of curing
 g - a potion of invisibility
 h - 2 potions of resistance
 i - 4 potions of heal wounds
 k - 4 potions of lignification
 n - 2 potions of mutation
 p - 2 potions of attraction
 q - 2 potions of enlightenment
 r - 3 potions of ambrosia
 t - 6 potions of haste
 E - 3 potions of cancellation
 G - 3 potions of might
Miscellaneous
 Y - a lightning rod (1/4)


   Skills:
 * Level 13.8 Fighting
 - Level 22.0 Long Blades
 * Level 13.5 Dodging
 - Level 2.4 Stealth
 * Level 7.5 Evocations


You had 15 spell levels left.
You didn't know any spells.
Your spell library was empty.

Dungeon Overview and Level Annotations

Branches:
Dungeon (15/15)            Temple (0/1) D:5            Lair (5/5) D:10
  Swamp (0/4) Lair:3        Snake (2/4) Lair:3        Slime (0/5) Lair:5
    Orc (2/2) D:10            Elf (0/3) Orc:2        Vaults (0/5) D:13
 Depths (0/4) D:15         Bailey (visited)

Altars:
Fedhas
Gozag
Trog
Uskayaw
Wu Jian
Xom
Zin
Jiyva

Shops:
D:13 (   Orc:2 ***[

Portals:
Abyss: D:10

Annotations:
D:2 Natasha
D:6 1 runed translucent door, CougarLife's ghost, novice MiBe
D:9 1 transporter
D:10 2 transporters, hito's ghost, journeyman OpWr
D:12 3 runed translucent doors, Esekla's ghost, journeyman VSWr
D:15 4 runed translucent doors
Lair:5 exclusion: 3 oklob plants


Innate Abilities, Weirdness & Mutations

Your dull iron-grey scales are very hard. (AC +14)
You are amphibious.
You cannot fit into any form of body armour.
You are cold-blooded and may be slowed by cold attacks.


Message History

* * * LOW HITPOINT WARNING * * *
You slip backwards!
The naga completely misses you.
The guardian serpent completely misses you.
The shock serpent shoots out a bolt of lightning at you!
The bolt of electricity misses you. The bolt of electricity hits you!
* * * LOW HITPOINT WARNING * * *
You slice the guardian serpent!!
Your tail-slap misses the guardian serpent.
The guardian serpent is heavily wounded.
You feel sick. The shock serpent misses you.
A guardian serpent comes into view.
The guardian serpent closely misses you.
The shock serpent misses you. The naga spits poison at you.
The splash of poison misses you.
The shock serpent bites you but does no damage.
The guardian serpent shouts!
You cut the guardian serpent into ribbons!!!
You kill the guardian serpent!
Trog accepts your kill.
Trog appreciates your killing of a magic user.
You feel sick.
You hear a shout! x2
The naga mage no longer looks unusually strong.
The guardian serpent casts a spell at you.
The bolt of poison misses you. The shock serpent closely misses you.
The shock serpent shoots out a bolt of lightning at you!
The bolt of electricity misses you. The naga hits you but does no damage.
The shock serpent misses you.
You cut the naga mage into ribbons!!!
You kill the naga mage!
Trog accepts your kill.
Trog appreciates your killing of a magic user.
You feel sick.
You hear a shout!
The shock serpent completely misses you.
The shock serpent bites you!
* * * LOW HITPOINT WARNING * * *
The shock serpent shocks you!
You die...

∙∙∙∙▒▒▒
∙∙▒∙∙∙▒▒▒▒▒▒▒▒▒▒▒▒
▒∙∙∙∙∙∙∙∙∙∙∙∙∙∙∙∙▒▒
∙
▒∙∙∙▒▒▒∙▒▒▒▒▒▒▒∙∙∙▒
∙∙
∙∙∙∙∙▒▒∙∙∙∙∙▒▒▒▒∙∙▒
∙∙∙
∙▒▒▒∙∙∙▒▒▒▒(∙▒▒▒▒▒▒


∙∙∙∙ <▒ ▒▒▒∙∙▒▒▒▒∙∙∙∙▒▒ ∙∙∙∙∙ ▒▒ ▒▒∙∙(∙∙∙▒▒S∙▒∙∙∙∙∙▒ ▒▒▒▒▒▒∙∙)Sd∙)∙∙∙∙∙
∙∙∙∙$∙▒▒▒$∙)∙∙∙∙?∙ ▒▒▒▒▒∙ ▒∙N∙∙∙▒▒▒▒▒ ▒∙∙S∙∙▒▒▒▒ ∙∙▒∙∙▒▒ ▒∙∙∙▒ ∙∙∙ ∙∙∙∙ You
could see 2 shock serpents, a guardian serpent and a naga (strong).

Vanquished Creatures
  A nagaraja (Snake:2)
  A stone giant (D:15)
  2 dire elephants (Lair:5)
  Azrael (Orc:2)
  The ghost of Implojin the Markself, a journeyman DEMo of Hepliaklqana (Orc:1)
  Josephine (D:11)
  7 hydras
  3 ogre magi
  5 centaur warriors
  Erolcha (Orc:1)
  2 catoblepae
  An anaconda (Snake:1)
  9 two-headed ogres
  6 naga warriors
  2 boulder beetles
  10 death yaks (Lair:5)
  2 tengu warriors (D:15)
  3 naga sharpshooters (Snake:1)
  4 orc high priests (Orc:2)
  A shock serpent (Snake:2)
  2 skysharks (Lair:5)
  A salamander mystic (Snake:2)
  3 skeletal warriors (D:11)
  2 spectral death yaks (Lair:5)
  A sea snake (Snake:1)
  A naga ritualist (Snake:2)
  An obsidian statue (Lair:5)
  A spectral anaconda (Lair:5)
  2 mana vipers (Snake:2)
  6 orc knights
  4 deep elf pyromancers
  4 necromancers (Lair:5)
  15 ugly things
  4 orc sorcerers
  A salamander (Snake:2)
  6 cyclopes
  2 manticores
  3 meliai (D:14)
  16 elephants
  2 kobold blastminers (Orc:2)
  10 black mambas
  A guardian serpent (Snake:2)
  10 cane toads
  A torpor snail (Lair:1)
  A gargoyle (D:11)
  4 naga magi
  7 komodo dragons
  2 kobold demonologists
  7 rime drakes
  A tyrant leech (Lair:3)
  3 polar bears
  5 trolls
  2 hornets
  A spectral elephant (Lair:5)
  5 dream sheep
  27 blink frogs
  A shadow (D:12)
  6 wyverns
  A spriggan (shapeshifter) (D:14)
  3 slime creatures (D:12)
  A vampire (D:14)
  5 wraiths
  67 yaks
  2 fire elementals (Orc:2)
  3 basilisks
  6 wargs
  2 death yak simulacra (Lair:5)
  Grum (D:8)
  3 vampire mosquitoes
  Edmund (D:4)
  2 swamp worms (Lair:3)
  19 nagas
  A spectral cane toad (Lair:5)
  11 two-headed ogre zombies (Orc:1)
  3 acid dragons
  18 water moccasins
  5 hell hounds (Orc:2)
  32 orc warriors
  An ice beast (D:6)
  2 black bears
  2 laughing skulls (D:15)
  2 elephant zombies (Lair:5)
  A tengu (shapeshifter) (D:15)
  16 wolves
  5 ogres
  8 centaurs
  An elephant skeleton (Lair:5)
  2 phantoms
  5 kobold brigands
  Blork the orc (D:4)
  7 bullfrogs
  4 cane toad simulacra (Lair:5)
  4 gnoll sergeants
  A scorpion (D:5)
  10 wights
  3 elephant simulacra (Lair:5)
  18 killer bees
  A vampire bat (D:5)
  3 howler monkeys (D:9)
  2 jellies (D:4)
  A bombardier beetle (D:6)
  4 hounds
  17 orc priests
  A gnoll bouda (Lair:1)
  Natasha (D:2)
  11 iguanas
  35 orc wizards
  2 sleepcaps
  20 gnolls
  8 adders
  10 river rats (D:6)
  A white imp (D:5)
  2 ufetubi (D:6)
  4 ribbon worms
  6 dart slugs
  3 fire bats (D:5)
  62 orcs
  A spectral bat (D:5)
  3 bat skeletons (D:5)
  A bat zombie (D:5)
  5 endoplasms
  3 giant cockroaches
  8 goblins
  11 hobgoblins
  2 jackals (D:1)
  20 kobolds
  10 quokkas
  5 ball pythons
  10 bats
  A bat simulacrum (D:5)
  4 frilled lizards
  19 rats
810 creatures vanquished.

Vanquished Creatures (collateral kills)
  A hydra (Lair:2)
  An orc high priest (Orc:1)
  2 skeletal warriors (D:11)
  3 komodo dragons
  A dream sheep (Lair:5)
  A yak (Lair:3)
  A basilisk (Lair:5)
  An acid dragon (D:8)
  3 two-headed ogre zombies (Orc:1)
  3 wolves (Lair:5)
  A bullfrog (Lair:2)
  4 killer bees (D:8)
  2 orc priests (Orc:1)
  A gnoll (D:8)
  An adder (D:3)
  8 orcs
34 creatures vanquished.

Vanquished Creatures (others)
  A black mamba (Snake:2)
  A naga (Snake:2)
  An orc wizard (Orc:2)
  An orc (D:5)
  A spectral bat (D:5)
5 creatures vanquished.

Grand Total: 849 creatures vanquished

Notes
Turn   | Place    | Note
-------+----------+-------------------------------------------
     0 | D:1      | Zeor the Draconian Berserker began the quest for the Orb.
     0 | D:1      | Reached XP level 1. HP: 19/19 MP: 1/1
    86 | D:1      | Reached XP level 2. HP: 26/26 MP: 2/2
   240 | D:1      | Reached ** piety under Trog
   376 | D:1      | Reached XP level 3. HP: 31/31 MP: 3/3
   719 | D:2      | Noticed Natasha
   729 | D:2      | Killed Natasha
   730 | D:2      | Reached XP level 4. HP: 10/39 MP: 0/4
   884 | D:2      | Reached skill level 4 in Long Blades
  1080 | D:2      | Identified a scroll of acquirement
  1080 | D:2      | Acquired a +0 great sword of protection
  1430 | D:3      | Identified the ring "Jusmymam" {Fire Dex+7 SInv}
  1655 | D:2      | Noticed Natasha
  1795 | D:3      | Reached XP level 5. HP: 32/46 MP: 2/5
  1921 | D:3      | Reached skill level 5 in Long Blades
  2395 | D:4      | Reached XP level 6. HP: 45/52 MP: 6/6
  2466 | D:4      | Reached *** piety under Trog
  2467 | D:4      | Reached skill level 1 in Stealth
  2500 | D:4      | Reached skill level 6 in Long Blades
  2560 | D:4      | Noticed Blork the orc
  2566 | D:4      | Killed Blork the orc
  2763 | D:4      | Noticed Edmund
  2767 | D:4      | Killed Edmund
  2768 | D:4      | Reached skill level 7 in Long Blades
  2768 | D:4      | Your scales start taking on a dull iron-grey colour.
  2768 | D:4      | Reached XP level 7. HP: 59/59 MP: 7/7
  3094 | D:5      | Entered Level 5 of the Dungeon
  3371 | D:5      | Reached skill level 8 in Long Blades
  3411 | D:5      | Found an opulent altar of Gozag.
  3544 | D:5      | Found a staircase to the Ecumenical Temple.
  3583 | D:5      | Reached XP level 8. HP: 59/67 MP: 8/8
  3914 | D:5      | Reached **** piety under Trog
  3936 | D:5      | Found a shimmering altar of Xom.
  4065 | D:6      | Reached skill level 9 in Long Blades
  4107 | D:6      | Acquired the +4 great sword of Wankom {protect, rPois Str-4
                  | Int+3}
  4164 | D:6      | Found a runed translucent door.
  4164 | D:6      | Noticed CougarLife's ghost (novice MiBe)
  4293 | D:6      | Acquired the +2 pair of gloves of Liberalism {rCorr Int+4}
  4300 | D:6      | Acquired the +3 hat of Leapfrog {rPois rF+ rCorr Int+3}
  4405 | D:6      | Found a glowing silver altar of Zin.
  4405 | D:6      | Found a blossoming altar of Fedhas.
  4490 | D:6      | Reached skill level 5 in Dodging
  4571 | D:6      | Reached skill level 10 in Long Blades
  4571 | D:6      | Reached ***** piety under Trog
  4836 | D:7      | Reached XP level 9. HP: 73/73 MP: 6/9
  4906 | D:7      | Reached skill level 5 in Fighting
  4976 | D:7      | Reached skill level 11 in Long Blades
  5798 | D:8      | Reached skill level 12 in Long Blades
  5830 | D:8      | Reached XP level 10. HP: 67/81 MP: 10/10
  6012 | D:8      | Noticed Grum
  6040 | D:8      | Killed Grum
  6088 | D:8      | Found a flagged portal.
  6119 | Bailey   | Entered a bailey
  6207 | Bailey   | Noticed an orc knight
  6208 | Bailey   | Found an iron altar of Okawaru.
  6221 | Bailey   | Reached skill level 13 in Long Blades
  6229 | Bailey   | Killed an orc knight
  6278 | Bailey   | Identified the +6 falchion "Wesomeob" {heavy, Stlth+}
  6770 | D:9      | Found a bloodstained altar of Trog.
  6770 | D:9      | Found an ornate altar of the Wu Jian Council.
  6774 | D:9      | Found a hide-covered altar of Uskayaw.
  6911 | D:9      | Found a transporter.
  6960 | D:9      | Found a transporter.
  7005 | D:9      | Reached skill level 14 in Long Blades
  7016 | D:9      | Identified the +4 ring mail of Damyscha {rF+ Dex+6}
  7038 | D:9      | Found a transporter.
  7040 | D:9      | Found a transporter.
  7656 | D:10     | Entered Level 10 of the Dungeon
  7681 | D:10     | Found a one-way gate to the infinite horrors of the Abyss.
  7681 | D:10     | Noticed hito's ghost (journeyman OpWr)
  7706 | D:10     | Found a transporter.
  7722 | D:10     | Found a transporter.
  7723 | D:10     | Noticed a toenail golem
  7813 | D:10     | Found a staircase to the Lair.
  7855 | D:10     | Reached XP level 11. HP: 83/90 MP: 9/11
  7913 | D:10     | Found a staircase to the Orcish Mines.
  7924 | D:10     | Reached ****** piety under Trog
  8112 | D:10     | Received a gift from Trog
  8332 | Orc:1    | Entered Level 1 of the Orcish Mines
  8420 | Orc:1    | Noticed Implojin's ghost (journeyman DEMo)
  8608 | Orc:1    | Found a transporter.
  8759 | Orc:1    | Noticed an orc high priest
  8777 | Orc:1    | Reached skill level 15 in Long Blades
  8778 | Orc:1    | Killed an orc high priest
  8885 | Orc:1    | Received a gift from Trog
  9007 | Orc:1    | Found a transporter.
  9183 | Orc:1    | Noticed an orc sorcerer
  9208 | Orc:1    | Noticed Erolcha
  9216 | Orc:1    | Killed an orc sorcerer
  9238 | Orc:1    | Killed Erolcha
  9239 | Orc:1    | Reached skill level 16 in Long Blades
  9469 | Orc:1    | Killed Implojin's ghost
  9660 | Orc:2    | Entered Level 2 of the Orcish Mines
  9660 | Orc:2    | Found a staircase to the Elven Halls.
  9661 | Orc:2    | Noticed Azrael
  9661 | Orc:2    | Noticed an orc knight
  9718 | Orc:2    | Noticed an orc high priest
  9718 | Orc:2    | Noticed an orc sorcerer
  9720 | Orc:2    | Noticed a sixfirhy
  9781 | Lair:1   | Entered Level 1 of the Lair of Beasts
  9869 | Lair:1   | Reached XP level 12. HP: 100/100 MP: 12/12
 10093 | Lair:1   | Reached skill level 17 in Long Blades
 11229 | Lair:2   | Reached skill level 18 in Long Blades
 11311 | Lair:2   | Noticed a four-headed hydra
 11320 | Lair:2   | Killed a four-headed hydra
 11328 | Lair:2   | Identified the +2 robe of Bisch {Harm Regen+ Int-3 Dex-2}
 11380 | Lair:2   | Reached XP level 13. HP: 60/108 MP: 7/13
 11672 | Lair:3   | Identified the +4 scimitar of Freehold {heavy, +Blink rPois
                  | Will- Stlth-} (Trog gifted it to you on level 3 of the Lair
                  | of Beasts)
 11672 | Lair:3   | Received a gift from Trog
 11997 | Lair:3   | Reached skill level 1 in Evocations
 12096 | Lair:3   | Reached skill level 19 in Long Blades
 12144 | Lair:3   | Found a staircase to the Swamp.
 12676 | Lair:3   | Found a staircase to the Snake Pit.
 13076 | Orc:2    | Reached skill level 10 in Dodging
 13105 | Orc:2    | Received a gift from Trog
 13192 | Orc:2    | Killed Azrael
 14554 | Lair:5   | Entered Level 5 of the Lair of Beasts
 14593 | Lair:5   | Reached XP level 14. HP: 114/118 MP: 14/14
 14632 | Lair:5   | Reached skill level 20 in Long Blades
 14692 | Lair:5   | Received a gift from Trog
 14856 | Lair:5   | Reached skill level 10 in Fighting
 15116 | Lair:5   | Identified the +0 pair of gloves "Mafrirut" {rElec Will+}
 15754 | Lair:5   | Reached skill level 5 in Evocations
 16036 | Lair:5   | Found a staircase to the Slime Pits.
 16036 | Lair:5   | Found a viscous altar of Jiyva.
 17038 | Orc:2    | Reached XP level 15. HP: 128/129 MP: 15/15
 17062 | Orc:2    | Reached skill level 21 in Long Blades
 17085 | Orc:2    | Received a gift from Trog
 17268 | Orc:2    | Found Xuiphoig's Assorted Antiques.
 17268 | Orc:2    | Found Bicel's Antique Armour Emporium.
 17270 | Orc:2    | Found Cyum's General Store.
 17270 | Orc:2    | Found Zuer's General Store.
 17278 | Orc:2    | Bought the +2 pair of slick slippers {slick, slippery,
                  | EV+4} for 324 gold pieces
 17278 | Orc:2    | Found the +2 pair of slick slippers {slick, slippery, EV+4}
 17290 | Orc:2    | Bought a scroll of teleportation for 39 gold pieces
 17290 | Orc:2    | Bought a scroll of identify for 26 gold pieces
 17292 | Orc:2    | Bought a scroll of identify for 54 gold pieces
 17292 | Orc:2    | Bought a scroll of teleportation for 81 gold pieces
 17295 | Orc:2    | Bought an amulet of the acrobat for 360 gold pieces
 18198 | D:11     | Noticed Josephine
 18207 | D:11     | Killed Josephine
 19147 | D:12     | You fall into a shaft and drop 2 floors!
 19291 | D:13     | Found a gate to the Vaults.
 19376 | D:13     | Found Yhuysy's Antique Weapon Boutique.
 20123 | D:12     | Found a runed translucent gate.
 20123 | D:12     | Found a runed translucent gate.
 20123 | D:12     | Found a runed translucent gate.
 20124 | D:12     | Noticed Esekla's ghost (journeyman VSWr)
 20215 | D:13     | Received a gift from Trog
 21392 | D:14     | Found Garphatic's CLEARANCE SALE!.
 21400 | D:14     | Bought a potion of attraction for 15 gold pieces
 21400 | D:14     | Bought a scroll of teleportation for 15 gold pieces
 21400 | D:14     | Bought a scroll of teleportation for 15 gold pieces
 21400 | D:14     | Bought a scroll of identify for 10 gold pieces
 21615 | D:15     | Entered Level 15 of the Dungeon
 21728 | D:15     | Found a staircase to the Depths.
 21928 | D:15     | Found a runed translucent door.
 21955 | D:15     | Found a runed translucent door.
 21957 | D:15     | Reached XP level 16. HP: 141/141 MP: 16/16
 21996 | D:15     | Found a runed translucent door.
 22027 | D:15     | Found a runed translucent door.
 22823 | D:15     | Noticed a storm dragon
 22824 | D:15     | Found the +5 Storm Queen's Shield {shock, Fly rElec}
 23226 | Snake:1  | Entered Level 1 of the Snake Pit
 23233 | Snake:1  | Reached skill level 22 in Long Blades
 23286 | Snake:1  | Received a gift from Trog
 24356 | Snake:2  | HP: 4/217 [shock serpent (8)]
 24356 | Snake:2  | Mangled by a shock serpent

Illustrated notes

Levels and vault maps discovered:
D:1:      dpeg_arrival_houses_and_road, layout_rooms
D:2:      layout_basic, uniq_natasha
D:3:      layout_loops_ring
D:4:      layout_loops_ring, kennysheep_cluttered_room, minmay_hedge_maze,
          dk_vineyard_3, uniq_edmund, uniq_blork_the_orc
D:5:      layout_cave_pools, tgw_xom,
          nicolae_gozag_cash_rules_everything_around_me,
          minmay_temple_entry_junction_2, minivault_19, goddamned_bats
D:6:      lemuel_ratsnest, layout_cave_pools, gammafunk_temple_overflow_statue,
          ebering_ghost_reflecting_pool
D:7:      layout_basic, bh_walls_and_bars
D:8:      layout_cave_pools, enter_bailey_5, minmay_misc_feat_enclosed,
          uniq_grum
D:9:      layout_loops_corners, gammafunk_temple_overflow_forgotten,
          grunt_ministairs_2, kennysheep_minor_cross, minmay_misc_feat_roman,
          nicolae_transporter_circle
D:10:     layout_loops_cross, lair_entry_dummy, orc_david_3,
          gammafunk_ghost_abyssal_escape, kennysheep_generic_room_9
D:11:     layout_long_grid, nicolae_twisty_statue_hallways, uniq_josephine
D:12:     layout_rooms, gammafunk_ghost_spectres, nicolae_sextant,
          nooodl_orcs_dogs
D:13:     layout_rooms, david_vaults_2, serial_shops,
          nicolae_shop_window_shopping
D:14:     layout_basic, nicolae_shop_clearance
D:15:     grunt_enter_depths_snipers, layout_loops_corners, serial_rivers,
          chequers_serial_rivers_micro_e, chequers_serial_rivers_room_a,
          chequers_serial_rivers_large_a, chequers_serial_rivers_small_3,
          chequers_serial_rivers_micro_e, nicolae_guarded_unrand_storm_shield
Lair:1:   layout_cave_pods, dreamdust_gnoll_shepherd, serial_bayou_shore_b
Lair:2:   layout_cave_shapes, grunt_megastairs_4
Lair:3:   layout_regular_city, palyth_hydra_swamp_entry,
          guppyfry_snake_entry_island, hibernation_bobbens, grunt_megastairs_5,
          serial_bayou_shore_b
Lair:4:   layout_regular_city, bh_autumn_forest_stairs
Lair:5:   due_jungle_book, layout_cave_shapes, minmay_slime_entry_oklob_open,
          grunt_megastairs_2
Snake:1:  layout_grid_maze, serial_bayou_pond_b
Snake:2:  layout_rooms
Orc:1:    lemuel_ogre_cave, layout_caves, gammafunk_ghost_arena
Orc:2:    grunt_orc_tribal_feast, layout_caves, uniq_azrael

Skill      XL: |  1  2  3  4  5  6  7  8  9 10 11 12 13 14 15 16 |
---------------+-------------------------------------------------+-----
Dodging        | 3 4 5 6 7 8 9 10 11 12 13 | 13.5
Long Blades    | 4 5 7 8 10 12 14 16 18 19 20 21 22 | 22.0
Stealth        | 1 2 |  2.4
Fighting       | 4 5 6 7 8 9 11 12 13 | 13.8
Evocations     | 3 5 6 7 |  7.5

Action                     |  1- 3 |  4- 6 |  7- 9 | 10-12 | 13-15 | 16-18 || total
---------------------------+-------+-------+-------+-------+-------+-------++-------
  Melee: Falchion          |    86 |    29 |       |       |       |       ||   115
         Tailslap          |    11 |     9 |    43 |   110 |   198 |    19 ||   390
         Punch             |     1 |       |       |       |     2 |       ||     3
         Great sword       |       |   100 |   346 |   722 |   947 |   136 ||  2251
         Scimitar          |       |       |       |       |    52 |       ||    52
         Triple sword      |       |       |       |       |    25 |       ||    25
 Invoke: Berserk           |     1 |     4 |     3 |     4 |     7 |     1 ||    20
         Brothers in Arms  |       |       |     1 |     2 |     3 |       ||     6
         Trog's Hand       |       |       |       |     2 |     4 |       ||     6
  Evoke: Wand              |       |       |     1 |     2 |     9 |     1 ||    13
         Lightning rod     |       |       |       |       |       |     4 ||     4
    Use: Scroll            |       |    12 |    13 |     3 |     4 |       ||    32
         Potion            |       |     1 |       |       |       |       ||     1
   Stab: Sleeping          |     1 |     4 |     9 |     3 |     6 |       ||    23
         Distracted        |       |     1 |     1 |       |     1 |       ||     3
 Armour: Skin              |    39 |    82 |   303 |   418 |   562 |    81 ||  1485
  Dodge: Dodged            |    46 |    99 |   451 |   674 |  1001 |   216 ||  2487
